[Event "Titled Tuesday Blitz August 24 2021"]
[White "Manukyan, Artyom"]
[Black "Pham, Le Thao Nguyen"]
[WhiteFideId "13305786"]
[BlackFideId "12401226"]
[WhiteElo "2034"]
[BlackElo "2286"]
[Result "1-0"]
[Round "11"]
[TimeControl "180+1"]
[Date "2021.08.24"]
[WhiteClock "0:00:52"]
[BlackClock "0:00:11"]

1. e4 c5 2. Nc3 e6 3. g3 a6 4. Bg2 b5 5. Nh3 Bb7 6. d3 Nc6 7. O-O Nf6 8. f4 d6 9. Be3 Be7 10. e5 Nd7 11. Qg4 g6 12. exd6 Bxd6 13. Rae1 Be7 14. Ng5 Nf6 15. Qd1 Qd7 16. Nce4 Nxe4 17. dxe4 Qxd1 18. Rxd1 h6 19. Nh3 Rd8 20. e5 Ba8 21. c3 Rd7 22. Nf2 Kd8 23. Ne4 c4 24. Bb6+ Kc8 25. Rxd7 Kxd7 26. Rd1+ Kc8 27. Nd6+ Bxd6 28. Rxd6 1-0


[Site "https://www.chess.com"]

[Event "Titled Tuesday Blitz August 24 2021"]
[White "Martinez Reyes, Pedro Ramon"]
[Black "Prydun, Andriy"]
[WhiteFideId "3901807"]
[BlackFideId "14145898"]
[WhiteElo "2398"]
[BlackElo "2047"]
[Result "1-0"]
[Round "11"]
[TimeControl "180+1"]
[Date "2021.08.24"]
[WhiteClock "0:00:13"]
[BlackClock "0:02:28"]

1. e4 d5 2. exd5 Qxd5 3. Nc3 Qd6 4. d4 Nf6 5. Nf3 c6 6. Ne5 Nbd7 7. Bf4 Nd5 8. Nxd5 Qxd5 9. Bd3 Nxe5 10. Bxe5 f6 11. Bg3 Qxg2 12. Qh5+ g6 13. Bxg6+ hxg6 14. Qxg6+ Kd8 15. Bc7+ Kxc7 16. Qxg2 Bd7 17. Qg3+ e5 18. dxe5 fxe5 19. O-O-O Bh6+ 20. Kb1 Bf4 21. Qg7 Rad8 22. Rxd7+ 1-0


[Site "https://www.chess.com"]

[Event "Titled Tuesday Blitz August 24 2021"]
[White "Mikhailovsky, Vladimir"]
[Black "Jin, Ashton"]
[WhiteFideId "34105414"]
[BlackFideId "30931908"]
[WhiteElo "2315"]
[BlackElo "2483"]
[Result "0-1"]
[Round "11"]
[TimeControl "180+1"]
[Date "2021.08.24"]
[WhiteClock "0:00:01"]
[BlackClock "0:00:26"]

1. g4 d5 2. Bg2 Bxg4 3. c4 c6 4. cxd5 cxd5 5. Qb3 Nd7 6. Qxd5 Ngf6 7. Qxb7 Rc8 8. Nc3 e6 9. d4 Bd6 10. Nf3 O-O 11. O-O e5 12. Qxa7 e4 13. Ne5 Nxe5 14. dxe5 Bxe5 15. Bg5 Bd4 16. Qa4 h6 17. Bh4 g5 18. Rad1 gxh4 19. Rxd4 Qe7 20. Nxe4 Bxe2 21. Re1 Bh5 22. Qb4 Qe5 23. Nd6 Qg5 24. Rxh4 Bf3 25. Rg4 Bxg4 26. h4 Qg6 27. Re3 Rc1+ 28. Kh2 Qh5 29. Bh3 Qxh4 30. Rg3 h5 31. Nf5 Qg5 32. Ne7+ Kh7 33. Qd4 Re8 34. Re3 Bxh3 35. Qd6 Ng4+ 0-1


[Site "https://www.chess.com"]

[Event "Titled Tuesday Blitz August 24 2021"]
[White "Mogirzan, Matei-Valeriu"]
[Black "Tokman, Ariel"]
[WhiteFideId "1257455"]
[BlackFideId "117420"]
[WhiteElo "1733"]
[BlackElo "2345"]
[Result "1-0"]
[Round "11"]
[TimeControl "180+1"]
[Date "2021.08.24"]
[WhiteClock "0:00:05"]
[BlackClock "0:00:03"]

1. e4 c5 2. Nf3 e6 3. d4 cxd4 4. Nxd4 a6 5. Nc3 b5 6. a3 Bb7 7. f4 Bc5 8. Nb3 Ba7 9. Qg4 Nf6 10. Qe2 O-O 11. Be3 Bxe3 12. Qxe3 d5 13. e5 Ng4 14. Qe2 Nh6 15. O-O-O Nd7 16. g4 Rc8 17. Nd4 Qe7 18. g5 Nf5 19. Nxf5 exf5 20. Nxd5 Bxd5 21. Rxd5 Nb6 22. Rd1 Nc4 23. Qf3 b4 24. axb4 Qxb4 25. Qc3 Qa4 26. b3 Ne3 27. Qxe3 Qa1+ 28. Kd2 Rfd8+ 29. Bd3 Rxc2+ 30. Kxc2 Qa2+ 31. Kc1 Qxb3 32. Qe2 Qa3+ 33. Qb2 Qc5+ 34. Bc2 Qe3+ 35. Kb1 Rf8 36. Rd3 Qxf4 37. Rhd1 Qxg5 38. Rg3 Qe7 39. e6 f6 40. Rdg1 g6 41. Bxf5 Kg7 42. Rxg6+ hxg6 43. Rxg6+ Kh8 44. Rh6+ Kg7 45. Rh7+ Kg8 46. Rxe7 1-0


[Site "https://www.chess.com"]

[Event "Titled Tuesday Blitz August 24 2021"]
[White "Moon_stone123"]
[Black "Maly, Alexey"]
[BlackFideId "14103184"]
[WhiteElo "2432"]
[BlackElo "2250"]
[Result "1-0"]
[Round "11"]
[TimeControl "180+1"]
[Date "2021.08.24"]
[WhiteClock "0:00:52"]
[BlackClock "0:00:58"]

1. e4 c6 2. Nc3 d5 3. Qe2 dxe4 4. Nxe4 Bf5 5. Nf3 e6 6. d4 Nd7 7. c3 Be7 8. g3 Ngf6 9. Nxf6+ Nxf6 10. Bg2 O-O 11. O-O h6 12. Re1 Nd5 13. Ne5 Qc7 14. a3 b5 15. Bd2 a5 16. Rac1 a4 17. c4 bxc4 18. Qxc4 Rfc8 19. Nxc6 Bf6 20. Bxd5 exd5 21. Qxd5 Be6 22. Rxe6 fxe6 23. Qxe6+ Kh8 24. Ne5 Qb7 25. Rxc8+ Rxc8 26. Nf7+ Kh7 27. Nd6 Qxb2 28. Qf5+ g6 29. Qxf6 Qxd2 30. Qe7+ Kh8 31. Nxc8 Qc1+ 32. Kg2 Qxc8 33. d5 Qc4 34. Qe5+ Kh7 35. d6 Qc6+ 36. f3 Qc2+ 37. Kh3 Qc8+ 38. g4 Qc6 39. Qe7+ Kg8 40. Qd8+ Kf7 41. Qc7+ 1-0


[Site "https://www.chess.com"]

[Event "Titled Tuesday Blitz August 24 2021"]
[White "Nakamura, Hikaru"]
[Black "Le, Tuan Minh"]
[WhiteFideId "2016192"]
[BlackFideId "12401153"]
[WhiteElo "2900"]
[BlackElo "2450"]
[Result "0-1"]
[Round "11"]
[TimeControl "180+1"]
[Date "2021.08.24"]
[WhiteClock "0:01:06"]
[BlackClock "0:00:26"]

1. e4 c5 2. Ke2 Nc6 3. c3 Nf6 4. d3 d5 5. Qc2 e5 6. Nd2 Be7 7. g3 Bg4+ 8. f3 Be6 9. Bh3 Qd7 10. Bxe6 Qxe6 11. Kf2 O-O 12. Kg2 Rfd8 13. Ne2 Rd7 14. Nf1 Rad8 15. Bg5 c4 16. dxc4 dxe4 17. fxe4 Qxc4 18. Bxf6 Bxf6 19. Ne3 Qc5 20. Nd5 Nb4 21. Nxb4 Rd2 22. Rad1 Rxc2 23. Nxc2 Qc4 24. Kf3 Qxa2 25. Ne3 h5 26. Nd5 Rd6 27. b4 Qc4 28. h4 Bd8 29. Ne3 Rf6+ 30. Nf5 Bb6 31. Rd6 Rxd6 32. Nxd6 Qd3+ 0-1


[Site "https://www.chess.com"]

[Event "Titled Tuesday Blitz August 24 2021"]
[White "Nazaretyan, Tigran"]
[Black "Silva, Miguel Antonio Neto"]
[WhiteFideId "24162345"]
[BlackFideId "1911929"]
[WhiteElo "2167"]
[BlackElo "2283"]
[Result "0-1"]
[Round "11"]
[TimeControl "180+1"]
[Date "2021.08.24"]
[WhiteClock "0:00:23"]
[BlackClock "0:00:37"]

1. d4 Nf6 2. c4 e6 3. Nf3 d5 4. Nc3 Bb4 5. Qa4+ Nc6 6. e3 Bd7 7. Qc2 O-O 8. Bd2 Ne7 9. Bd3 dxc4 10. Bxc4 c5 11. a3 Bxc3 12. Bxc3 cxd4 13. Bxd4 Rc8 14. Bxf6 gxf6 15. Qe2 Qa5+ 16. b4 Qc7 17. Nd2 Rfd8 18. O-O Be8 19. Rac1 b5 20. Qg4+ Ng6 21. Ne4 bxc4 22. Nxf6+ Kg7 23. Nh5+ Kh8 24. f4 f5 25. Qg5 Qe7 26. Qh6 c3 27. e4 Bb5 28. Rfe1 c2 29. exf5 Qf8 30. Qxf8+ Nxf8 31. fxe6 Nxe6 32. f5 Nd4 33. f6 Ne2+ 34. Kf2 Nxc1 35. Rxc1 Rd1 36. Rxc2 Rxc2+ 37. Ke3 Re2+ 38. Kf4 Rf1+ 39. Kg5 Re5+ 40. Kh6 Rxh5+ 41. Kxh5 Rxf6 42. g4 Be2 43. h4 Bxg4+ 44. Kxg4 Ra6 45. b5 Rxa3 46. b6 axb6 47. Kf5 Rc3 48. Ke6 Kg7 49. Kd5 Kg6 50. Kd4 Rc5 51. h5+ Kxh5 52. Ke4 Kg5 53. Kd4 h5 54. Ke3 Rc4 55. Kd3 b5 56. Ke3 Kf5 57. Kf3 h4 58. Kg2 Rc3 59. Kh2 b4 60. Kg1 Rc2 61. Kf1 b3 62. Kg1 b2 0-1


[Site "https://www.chess.com"]

[Event "Titled Tuesday Blitz August 24 2021"]
[White "Nesterov, Arseniy"]
[Black "Moroni, Luca Jr"]
[WhiteFideId "24198455"]
[BlackFideId "865834"]
[WhiteElo "2477"]
[BlackElo "2491"]
[Result "1/2-1/2"]
[Round "11"]
[TimeControl "180+1"]
[Date "2021.08.24"]
[WhiteClock "0:00:07"]
[BlackClock "0:00:06"]

1. d4 g6 2. e4 Bg7 3. Nf3 d6 4. Bc4 Nf6 5. Qe2 O-O 6. O-O c6 7. e5 dxe5 8. dxe5 Nd5 9. h3 Be6 10. Rd1 Nd7 11. Bb3 Qc7 12. c4 N5b6 13. Bf4 Nc5 14. Nc3 a5 15. Be3 Nxb3 16. axb3 Nd7 17. Bf4 Nc5 18. Ra3 Rfd8 19. Nd4 Rd7 20. Na4 Nxa4 21. Nxe6 Rxd1+ 22. Qxd1 fxe6 23. bxa4 Rd8 24. Qg4 Qd7 25. Kh2 Rf8 26. Bg3 Kh8 27. Qe4 Rd8 28. Rf3 Kg8 29. Rb3 Kh8 30. h4 Kg8 31. Qg4 Rf8 32. Qe2 Rd8 33. h5 Qd2 34. Qxd2 Rxd2 35. hxg6 hxg6 36. Rxb7 Kf7 37. b3 g5 38. f3 Re2 39. Ra7 Rb2 40. Rxa5 Rxb3 41. Ra6 Ra3 42. Rxc6 Rxa4 43. c5 Rc4 44. Rc8 Rc2 45. c6 Kg6 46. Kh3 Rc4 47. Bh2 Rh4+ 48. Kg3 Bxe5+ 49. Kf2 Rxh2 50. c7 Bxc7 51. Rxc7 Kf6 52. Rc4 Rh8 53. Kg3 Ra8 54. Kg4 Ra5 55. g3 Rf5 56. Rb4 Re5 57. Rc4 Rd5 58. Rb4 e5 59. Rb6+ e6 60. Rb8 Rd4+ 61. Kh3 e4 62. fxe4 Rxe4 63. Kg2 Kf5 64. Kf3 g4+ 65. Kf2 Ra4 66. Rf8+ Ke5 67. Ke3 Ra3+ 68. Kf2 Kd5 69. Rf4 e5 70. Rxg4 e4 71. Rg8 Kd4 72. Rd8+ Ke5 73. Re8+ Kf5 74. Rf8+ Ke5 75. Re8+ Kd4 76. Rd8+ Ke5 77. Re8+ 1/2-1/2


[Site "https://www.chess.com"]

[Event "Titled Tuesday Blitz August 24 2021"]
[White "Nguyen, Thien Ngan"]
[Black "Petesch, Gabriel"]
[WhiteFideId "12414816"]
[BlackFideId "2032465"]
[WhiteElo "1917"]
[BlackElo "2374"]
[Result "1/2-1/2"]
[Round "11"]
[TimeControl "180+1"]
[Date "2021.08.24"]
[WhiteClock "0:00:16"]
[BlackClock "0:00:05"]

1. e4 d5 2. exd5 Qxd5 3. Nc3 Qd8 4. Nf3 Nf6 5. d4 c6 6. Bf4 Bf5 7. Bc4 e6 8. Ne5 Bb4 9. O-O O-O 10. a4 Nbd7 11. Bb3 Nxe5 12. Bxe5 Nd7 13. Bg3 Qa5 14. Ne2 Rfd8 15. c3 Bf8 16. Bh4 Re8 17. Ng3 Bg6 18. Qd2 Qb6 19. Bc4 Be7 20. Bxe7 Rxe7 21. Rfe1 Ree8 22. a5 Qc7 23. a6 b6 24. Be2 Rad8 25. Bf3 Nc5 26. Qe3 Nd3 27. Re2 c5 28. Rd2 cxd4 29. cxd4 Nb4 30. Qb3 Nd5 31. Ne2 Nf4 32. Nc3 e5 33. d5 e4 34. Bg4 e3 35. fxe3 Rxe3 36. Bf3 Qc5 37. Kh1 Rde8 38. Rdd1 Nd3 39. Rf1 Re1 40. h3 Rxa1 41. Rxa1 Ne1 42. Ne4 Bxe4 43. Rxe1 f5 44. Bxe4 fxe4 45. d6+ Kh8 46. d7 Rd8 47. Rxe4 Qc1+ 48. Kh2 Qc7+ 49. g3 Qxd7 50. Qe3 h6 51. h4 Qd2+ 52. Kh3 Qd7+ 53. Kh2 Qd1 54. Kh3 Qh1+ 55. Kg4 Qd1+ 56. Qe2 Qd7+ 57. Kf3 Qh3 58. Re8+ Rxe8 59. Qxe8+ Kh7 60. Qe4+ Kg8 61. Qa8+ Kh7 62. Qe4+ Kg8 63. Qe8+ Kh7 64. Qe4+ 1/2-1/2


[Site "https://www.chess.com"]

[Event "Titled Tuesday Blitz August 24 2021"]
[White "Novikova, Galina"]
[Black "Chen, Max"]
[WhiteFideId "4157095"]
[BlackFideId "2622440"]
[WhiteElo "1907"]
[BlackElo "2452"]
[Result "0-1"]
[Round "11"]
[TimeControl "180+1"]
[Date "2021.08.24"]
[WhiteClock "0:00:01"]
[BlackClock "0:00:44"]

1. e4 c5 2. Nf3 d6 3. d4 cxd4 4. Nxd4 Nf6 5. Nc3 a6 6. h3 e5 7. Nde2 h5 8. g3 Be6 9. Bg2 Be7 10. Be3 b5 11. Nd5 Nxd5 12. exd5 Bf5 13. a4 b4 14. O-O Nd7 15. f4 exf4 16. Bxf4 Bg6 17. Nd4 O-O 18. Nc6 Qb6+ 19. Kh1 Rfe8 20. a5 Qc5 21. Qd2 Bf6 22. Qxb4 Qxb4 23. Nxb4 Bxb2 24. Rab1 Be5 25. Rbc1 Bxf4 26. gxf4 Bf5 27. Nc6 Re2 28. c4 Nc5 29. Rfe1 Rae8 30. Rxe2 Rxe2 31. Bf3 Re3 32. Kg2 Nd3 33. Rc3 Ne1+ 34. Kf2 Rxc3 35. Ne7+ Kf8 0-1


[Site "https://www.chess.com"]

[Event "Titled Tuesday Blitz August 24 2021"]
[White "Nozdrachev, Leonid"]
[Black "Pakleza, Zbigniew"]
[WhiteFideId "24113433"]
[BlackFideId "1119290"]
[WhiteElo "2240"]
[BlackElo "2526"]
[Result "0-1"]
[Round "11"]
[TimeControl "180+1"]
[Date "2021.08.24"]
[WhiteClock "0:00:02"]
[BlackClock "0:00:13"]

1. e4 d6 2. d4 Nf6 3. Nc3 c6 4. h3 b5 5. a3 e5 6. Nf3 Nbd7 7. Be3 Bb7 8. Be2 Be7 9. O-O O-O 10. Re1 Re8 11. Bf1 Bf8 12. Bg5 Qc7 13. Bh4 a5 14. Bg3 b4 15. axb4 axb4 16. dxe5 bxc3 17. Rxa8 Rxa8 18. exf6 cxb2 19. Qd4 Qb6 20. Qxb6 Nxb6 21. Rb1 Ra2 22. Kh2 Na4 23. Bc4 Ra1 24. Nd2 d5 25. Bb3 Nc3 26. Rxb2 Ba3 27. exd5 Bxb2 28. d6 Nb5 29. Ne4 Bc8 0-1


[Site "https://www.chess.com"]

[Event "Titled Tuesday Blitz August 24 2021"]
[White "Pacheco Lugo, Alejandro Jose"]
[Black "Martin, Lewis"]
[WhiteFideId "3903745"]
[BlackFideId "410551"]
[WhiteElo "2125"]
[BlackElo "2145"]
[Result "0-1"]
[Round "11"]
[TimeControl "180+1"]
[Date "2021.08.24"]
[WhiteClock "0:00:08"]
[BlackClock "0:00:08"]

1. e4 c5 2. Nf3 d6 3. d4 cxd4 4. Nxd4 Nf6 5. Be3 e5 6. Bb5+ Bd7 7. Bxd7+ Qxd7 8. Nb3 Nxe4 9. O-O Nc6 10. Re1 Nf6 11. c4 Be7 12. Nc3 O-O 13. Bg5 h6 14. Bxf6 Bxf6 15. Nd5 Bd8 16. Re3 f5 17. f4 exf4 18. Nxf4 Bg5 19. Rf3 Ne5 20. Rf1 Nxc4 21. Ng6 Rf7 22. Qd3 Ne3 23. Rf3 Re8 24. h4 Ng4 25. hxg5 hxg5 26. Raf1 f4 27. Nd4 Rf6 28. Qb3+ Qf7 29. Nh4 gxh4 30. Qxf7+ Kxf7 31. Rxf4 Ne3 32. R1f3 Nd5 33. Rxh4 Rxf3 34. Nxf3 Re2 35. Rd4 Ne3 36. Re4 Rxg2+ 37. Kh1 Re2 38. Ng1 Re1 39. Kh2 d5 40. Rf4+ Ke6 41. Rb4 b6 42. Nf3 Re2+ 43. Kg3 Nf5+ 44. Kf4 Re4+ 45. Rxe4+ dxe4 46. Kxe4 Nd6+ 47. Kf4 Kd5 48. b3 Kc5 49. a3 Nb5 50. a4 Nd4 51. Nd2 Kb4 52. a5 bxa5 53. Ke4 Nxb3 54. Nf1 a4 55. Ne3 a3 56. Nd5+ Kc4 57. Ne3+ Kc3 58. Nd5+ Kb2 59. Nb4 a2 0-1


[Site "https://www.chess.com"]

[Event "Titled Tuesday Blitz August 24 2021"]
[White "Palchuk, Andrii"]
[Black "Jeet, Jain"]
[WhiteFideId "14176688"]
[BlackFideId "5073022"]
[WhiteElo "2320"]
[BlackElo "2085"]
[Result "1-0"]
[Round "11"]
[TimeControl "180+1"]
[Date "2021.08.24"]
[WhiteClock "0:00:30"]
[BlackClock "0:00:39"]

1. e4 e5 2. Nf3 Nc6 3. d4 exd4 4. Bc4 Nf6 5. e5 d5 6. Bb5 Ne4 7. Nxd4 Bc5 8. O-O O-O 9. Bxc6 bxc6 10. Be3 Ba6 11. Re1 Bxd4 12. Qxd4 c5 13. Qa4 Bb7 14. Qb5 Rb8 15. Bxc5 Ba8 16. Qa5 Nxc5 17. Qxc5 Rxb2 18. Nd2 d4 19. Nb3 Qg5 20. g3 Qg4 21. Nxd4 Rb6 22. f3 Bxf3 23. Nxf3 Qxf3 24. Qxc7 Rc6 25. Qb7 h5 26. Rad1 h4 27. Rd3 Qg4 28. Qxc6 hxg3 29. Rxg3 Qd4+ 30. Kh1 Qf2 31. Reg1 1-0


[Site "https://www.chess.com"]

[Event "Titled Tuesday Blitz August 24 2021"]
[White "Papasimakopoulos, Alexandros"]
[Black "Farahat, Ali"]
[WhiteFideId "4244125"]
[BlackFideId "10600507"]
[WhiteElo "2352"]
[BlackElo "2321"]
[Result "1-0"]
[Round "11"]
[TimeControl "180+1"]
[Date "2021.08.24"]
[WhiteClock "0:00:04"]
[BlackClock "0:00:15"]

1. d4 d5 2. c4 c6 3. cxd5 cxd5 4. Bf4 Nf6 5. Nc3 g6 6. e3 Bg7 7. h3 Nc6 8. Bd3 O-O 9. Nf3 Nd7 10. Nxd5 e5 11. dxe5 Qa5+ 12. Nc3 Ndxe5 13. Nxe5 Nxe5 14. Be2 Rd8 15. Qc1 Nd3+ 16. Bxd3 Rxd3 17. O-O g5 18. Bg3 g4 19. h4 Be6 20. Rd1 Rad8 21. Qc2 Qa6 22. Bf4 h6 23. a3 Qc4 24. Rxd3 Rxd3 25. Rc1 Bf5 26. Qa4 Qxa4 27. Nxa4 b5 28. Nc5 Rd8 29. b4 Bb2 30. Re1 Bxa3 31. e4 Bc8 32. Rb1 Rd4 33. Rb3 Bxb4 34. Be3 Rd1+ 35. Kh2 Bxc5 36. Bxc5 a6 37. Rc3 Be6 38. Be3 Rd7 39. Bxh6 Kh7 40. Be3 b4 41. Rc6 b3 42. Rb6 a5 43. Bc5 a4 44. h5 Rd5 45. exd5 Bxd5 46. Ba3 Be6 47. Kg3 Kh6 48. Kh4 Kg7 49. Bb2+ Kh7 50. Kg5 1-0


[Site "https://www.chess.com"]

[Event "Titled Tuesday Blitz August 24 2021"]
[White "Pastar, Slaven"]
[Black "Navarro, Tiago Cunha"]
[WhiteFideId "14402718"]
[BlackFideId "2106280"]
[WhiteElo "2150"]
[BlackElo "2148"]
[Result "0-1"]
[Round "11"]
[TimeControl "180+1"]
[Date "2021.08.24"]
[WhiteClock "0:00:02"]
[BlackClock "0:00:08"]

1. b3 d5 2. Bb2 Nf6 3. Nf3 g6 4. g3 Bg7 5. Bg2 O-O 6. O-O c5 7. d4 cxd4 8. Nxd4 Nc6 9. Nxc6 bxc6 10. c4 e6 11. Nd2 Ba6 12. Qc2 Qb6 13. Rac1 Rfc8 14. c5 Qd8 15. Rfe1 Nd7 16. Nf3 Bxb2 17. Qxb2 Qf6 18. Qa3 Bb5 19. Qa5 Qd8 20. Qxd8+ Rxd8 21. Nd4 Rdc8 22. e4 Ba6 23. Nxc6 Rxc6 24. exd5 exd5 25. Bxd5 Rac8 26. Bxc6 Rxc6 27. Re7 Bc8 28. b4 Kf8 29. Rce1 a6 30. g4 h6 31. Kg2 Nf6 32. f3 Be6 33. Ra7 Bxa2 34. Ra1 Bc4 35. Rb7 Nd5 36. Re1 g5 37. h4 Nf4+ 38. Kg3 Kg7 39. Rb6 Rc7 40. Rd1 Nd3 41. Rd6 Nxb4 42. R6d4 Rxc5 43. Rc1 gxh4+ 44. Kxh4 a5 45. Rcxc4 Rb5 46. Rc7 Nd5 47. Ra7 Nb6 0-1


[Site "https://www.chess.com"]

[Event "Titled Tuesday Blitz August 24 2021"]
[White "Pavlov, Danila"]
[Black "Balakrishnan, Praveen"]
[WhiteFideId "34126594"]
[BlackFideId "2064871"]
[WhiteElo "2323"]
[BlackElo "2237"]
[Result "1-0"]
[Round "11"]
[TimeControl "180+1"]
[Date "2021.08.24"]
[WhiteClock "0:00:08"]
[BlackClock "0:00:05"]

1. e4 c6 2. Nc3 d5 3. Nf3 Bg4 4. h3 Bxf3 5. Qxf3 e6 6. d3 Nd7 7. Qg3 Ngf6 8. Be2 d4 9. Nb1 Bb4+ 10. c3 dxc3 11. bxc3 Be7 12. O-O O-O 13. Be3 Nb6 14. f4 Qd7 15. Nd2 c5 16. Nf3 Rfd8 17. f5 exf5 18. Ne5 Qb5 19. Rxf5 Qb2 20. Qe1 Na4 21. Bd2 Qb6 22. Rb1 Qc7 23. Qf2 Bd6 24. Nc4 Bf8 25. Ne3 Nb6 26. Rxf6 gxf6 27. Nf5 Kh8 28. Qh4 Qc6 29. Rf1 Nd7 30. Bh6 Qe6 31. Rf4 Qe8 32. Rg4 Bxh6 33. Qxh6 Qf8 34. Rg7 Qg8 35. Bh5 Rf8 36. Rxg8+ Rxg8 37. Bxf7 Rg5 38. h4 Rg4 39. Ne3 Rg3 40. Qf4 Rg7 41. Be6 Ne5 42. Qxf6 Nxd3 43. Nf5 1-0


[Site "https://www.chess.com"]

[Event "Titled Tuesday Blitz August 24 2021"]
[White "Petrovskyi, Vadym"]
[Black "Lopez Del Alamo, Antonio"]
[WhiteFideId "14165210"]
[BlackFideId "2227339"]
[WhiteElo "2334"]
[BlackElo "2085"]
[Result "1-0"]
[Round "11"]
[TimeControl "180+1"]
[Date "2021.08.24"]
[WhiteClock "0:02:42"]
[BlackClock "0:02:07"]

1. e4 c5 2. Nf3 e6 3. d4 cxd4 4. Nxd4 Nf6 5. Nc3 Nc6 6. Ndb5 d6 7. Bf4 e5 8. Bg5 a6 9. Na3 b5 10. Nd5 Be7 11. Bxf6 Bxf6 12. c3 O-O 13. Nc2 Bg5 14. Be2 f5 15. exf5 Bxf5 16. Nce3 Bg6 17. O-O e4 18. a4 bxa4 19. Rxa4 a5 20. Bh5 Bxh5 21. Qxh5 Ne5 22. Rxe4 Rb8 23. f4 Rxb2 24. fxg5 Rxf1+ 25. Nxf1 Qf8 26. Rf4 Qe8 27. Qxe8# 1-0


[Site "https://www.chess.com"]

[Event "Titled Tuesday Blitz August 24 2021"]
[White "Pires, Marcos Vinicius Torsani"]
[Black "Machidon, Cristi"]
[WhiteFideId "2118939"]
[BlackFideId "13904590"]
[WhiteElo "2273"]
[BlackElo "2312"]
[Result "0-1"]
[Round "11"]
[TimeControl "180+1"]
[Date "2021.08.24"]
[WhiteClock "0:00:07"]
[BlackClock "0:00:19"]

1. e4 c5 2. c3 Nf6 3. e5 Nd5 4. d4 cxd4 5. cxd4 d6 6. Nf3 Nc6 7. Bc4 e6 8. O-O dxe5 9. dxe5 Be7 10. a3 O-O 11. Qe2 Qb6 12. Qe4 Rd8 13. Bd3 g6 14. Bh6 Qxb2 15. Nbd2 Nc3 16. Qe3 b6 17. Nc4 Qb5 18. Nd6 Qc5 19. Qxc5 bxc5 20. Ne4 Rxd3 21. Nf6+ Bxf6 22. exf6 Ba6 23. Rfe1 Rb8 24. h3 Nd5 25. Bg7 c4 26. Ng5 Nd4 27. Rab1 Rbb3 28. Ne4 Bb5 29. Nc5 Rxb1 30. Rxb1 Rxa3 0-1


[Site "https://www.chess.com"]

[Event "Titled Tuesday Blitz August 24 2021"]
[White "Postny, Evgeny"]
[Black "Potapova, Margarita"]
[WhiteFideId "2804344"]
[BlackFideId "14126869"]
[WhiteElo "2521"]
[BlackElo "2214"]
[Result "1-0"]
[Round "11"]
[TimeControl "180+1"]
[Date "2021.08.24"]
[WhiteClock "0:01:07"]
[BlackClock "0:00:05"]

1. d4 Nf6 2. Bg5 Ne4 3. Bh4 d5 4. Nd2 Bf5 5. Ngf3 Nc6 6. e3 a6 7. c3 Qd7 8. Be2 e6 9. O-O Be7 10. Bxe7 Qxe7 11. Nxe4 Bxe4 12. Nd2 Bg6 13. f4 O-O 14. Rf3 f6 15. Qb3 b5 16. Rg3 Rad8 17. Rf1 e5 18. f5 Bf7 19. Qd1 Rfe8 20. Bh5 Bxh5 21. Qxh5 Qf7 22. Qh4 exd4 23. cxd4 Re7 24. Rh3 h6 25. Rff3 Rde8 26. Rfg3 Kf8 27. Qf4 Na5 28. Rxh6 gxh6 29. Qxh6+ Qg7 30. Rxg7 Rxg7 31. Qxf6+ Kg8 32. Qxa6 Nc4 33. Qxb5 Rxe3 34. Qxd5+ Kh8 35. Nxc4 Re1+ 36. Kf2 Rc1 37. Ne3 Rb1 38. f6 1-0


[Site "https://www.chess.com"]

[Event "Titled Tuesday Blitz August 24 2021"]
[White "Prraneeth Vuppala"]
[Black "Martin Carmona, Gaston Manuel"]
[WhiteFideId "46622373"]
[BlackFideId "22284567"]
[WhiteElo "1759"]
[BlackElo "2161"]
[Result "0-1"]
[Round "11"]
[TimeControl "180+1"]
[Date "2021.08.24"]
[WhiteClock "0:00:39"]
[BlackClock "0:01:20"]

1. e4 c5 2. Nf3 d6 3. d4 cxd4 4. Nxd4 Nf6 5. Nc3 g6 6. Be3 Bg7 7. f3 Nc6 8. Qd2 O-O 9. O-O-O d5 10. Qe1 e5 11. Nxc6 bxc6 12. exd5 Nxd5 13. Bc4 Be6 14. Kb1 Re8 15. h4 h6 16. Ne4 f5 17. Nc5 Bf7 18. Qd2 Qb6 19. Bxd5 cxd5 20. Nb3 d4 21. Bxh6 a5 22. Bxg7 Kxg7 23. g4 Reb8 24. gxf5 a4 25. fxg6 axb3 26. cxb3 Bxg6+ 27. Ka1 Rxa2+ 28. Kxa2 Ra8+ 0-1


[Site "https://www.chess.com"]

[Event "Titled Tuesday Blitz August 24 2021"]
[White "Quintiliano Pinto, Renato R."]
[Black "Grachev, Boris"]
[WhiteFideId "2117568"]
[BlackFideId "4129199"]
[WhiteElo "2439"]
[BlackElo "2580"]
[Result "0-1"]
[Round "11"]
[TimeControl "180+1"]
[Date "2021.08.24"]
[WhiteClock "0:00:04"]
[BlackClock "0:01:04"]

1. d4 Nf6 2. c4 b6 3. Nf3 Bb7 4. a3 g6 5. g3 Bg7 6. Bg2 O-O 7. O-O c5 8. d5 b5 9. Nc3 b4 10. axb4 cxb4 11. Nb5 a5 12. Re1 d6 13. Nfd4 Qc8 14. b3 Nfd7 15. Bg5 Re8 16. Bxe7 Rxe7 17. Nxd6 Qc5 18. Nxb7 Qxd4 19. d6 Re8 20. Qxd4 Bxd4 21. Ra2 a4 22. bxa4 b3 23. Ra3 b2 24. e3 Ra6 25. Rb1 Bf6 26. c5 Rc8 27. Rb3 Rxa4 28. h4 Ra1 29. Be4 Rxb1+ 30. Bxb1 Na6 31. Rb5 Naxc5 0-1


[Site "https://www.chess.com"]

[Event "Titled Tuesday Blitz August 24 2021"]
[White "Real De Azua, Ernesto"]
[Black "Dmitrenko, Viktor"]
[WhiteFideId "108154"]
[BlackFideId "14110270"]
[WhiteElo "2476"]
[BlackElo "2338"]
[Result "1-0"]
[Round "11"]
[TimeControl "180+1"]
[Date "2021.08.24"]
[WhiteClock "0:01:46"]
[BlackClock "0:02:15"]

1. c4 e5 2. Nc3 Nf6 3. Nf3 Nc6 4. e4 Bc5 5. Nxe5 O-O 6. Nf3 Re8 7. d3 d5 8. cxd5 Ng4 9. d4 Nxd4 10. Nxd4 Nxf2 11. Kxf2 Qf6+ 12. Qf3 Qd8 13. Be3 Qf6 14. Qxf6 1-0


[Site "https://www.chess.com"]

[Event "Titled Tuesday Blitz August 24 2021"]
[White "Rodchenkov, Vitaly"]
[Black "Iskusnyh, Sergei"]
[WhiteFideId "4152964"]
[BlackFideId "4120027"]
[WhiteElo "2337"]
[BlackElo "2492"]
[Result "0-1"]
[Round "11"]
[TimeControl "180+1"]
[Date "2021.08.24"]
[WhiteClock "0:02:14"]
[BlackClock "0:01:24"]

1. Nf3 d5 2. c4 c6 3. Qa4 e6 4. d4 Nf6 5. Nc3 Nbd7 6. e3 Bd6 7. Qc2 O-O 8. Bd2 Qe7 9. Be2 dxc4 10. Bxc4 e5 11. dxe5 Nxe5 12. Nxe5 Bxe5 13. Bb3 Ng4 14. Ne2 Qh4 15. g3 Qh3 16. Nf4 Bxf4 17. gxf4 Qf3 18. Rf1 Nxh2 19. Rg1 Qh5 20. Bc3 Nf3+ 21. Kf1 Bh3+ 22. Rg2 Qg4 0-1


[Site "https://www.chess.com"]

[Event "Titled Tuesday Blitz August 24 2021"]
[White "Rodrigues, Tiago Pereira"]
[Black "Tomaszewski, Kacper"]
[WhiteFideId "2101203"]
[BlackFideId "1127373"]
[WhiteElo "2190"]
[BlackElo "2153"]
[Result "1-0"]
[Round "11"]
[TimeControl "180+1"]
[Date "2021.08.24"]
[WhiteClock "0:00:09"]
[BlackClock "0:00:09"]

1. d4 d5 2. c4 e6 3. Nc3 c6 4. e3 Nf6 5. Bd3 Nbd7 6. f4 Be7 7. Nf3 b6 8. Bd2 Bb7 9. cxd5 Nxd5 10. Nxd5 exd5 11. Qc2 Nf6 12. Ne5 Rc8 13. Bf5 Rc7 14. O-O g6 15. Bd3 Bd6 16. Be1 c5 17. Bb5+ Kf8 18. Qd1 a6 19. Bd3 c4 20. Bc2 Ne4 21. f5 Qg5 22. h4 Qxe3+ 23. Kh1 Bxe5 24. dxe5 d4 25. Rf3 Nc3 26. Bxc3 Bxf3 27. Qxd4 Qxd4 28. Bxd4 Bd5 29. Bxb6 Rc6 30. Bd4 gxf5 31. Bxf5 Be6 32. Be4 Rc7 33. Rf1 Kg7 34. Rf3 Rg8 35. Bc3 Kh8 36. Bf5 Rd7 37. Kh2 h6 38. a3 Rg7 39. Kh3 Bxf5+ 40. Rxf5 Rd3+ 41. Kh2 Kh7 42. Rf6 Rdg3 43. Rf2 R7g4 44. Rxf7+ Kg8 45. Rf3 h5 46. Rxg3 Kf7 47. Rxg4 hxg4 48. Kg3 Ke6 49. Kxg4 Kd5 50. h5 Ke6 51. h6 Kf7 52. Kf5 a5 53. g4 a4 54. g5 Kg8 55. Bd4 c3 56. Bxc3 Kh7 57. Bd2 Kg8 58. g6 Kh8 59. Bb4 Kg8 60. e6 Kh8 61. e7 1-0


[Site "https://www.chess.com"]